AoeStats
← BMWwilliams5509

Arabia

510463707Analyzed
1v1 RM · 1d ago on Oct 1, 2026· 37m 54s· 2 players
Game mode
Random Map
Map size
Tiny (2 player)
Population
200
Speed
Normal
Resources
Standard
Victory
Conquest
Starting age
Dark Age
Ending age
Imperial Age
RankedLock teamsTeams togetherTeam positionsShared explorationLock speedFull tech treeHidden civsTurbo modeCheats
Victory
Defeat
🇹🇷 Turks · Türkiye
1064
+16
🇵🇰 Bengalis · Pakistan
1073
-16
BMWwilliams5509
6:11 Loom
9:13 Feudal Age
10:08 Double-Bit Axe
10:16 Horse Collar
20:24 Castle Age
18:39 Forging
18:39 Gold Mining
19:18 Scale Barding Armor
19:28 Bloodlines
21:31 Chain Barding Armor
25:00 Husbandry
26:48 Heavy Plow
28:37 Iron Casting
27:54 Fletching
30:33 Wheelbarrow
33:17 Ballistics
35:41 Imperial Age
34:02 Padded Archer Armor
34:11 Bodkin Arrow
35:54 Stone Mining
36:42 Thumb Ring
37:06 Parthian Tactics
37:31 Bracer
37:46 Leather Archer Armor
37:53 Murder Holes
I love villagers
10:07 Feudal Age
10:47 Loom
15:21 Castle Age
14:08 Double-Bit Axe
21:23 Forging
24:15 Fletching
27:26 Bodkin Arrow
29:02 Scale Barding Armor
29:41 Padded Archer Armor
30:03 Paiks
30:50 Ballistics
30:47 Bloodlines
30:40 Husbandry
31:25 Wheelbarrow
31:50 Horse Collar
32:32 Leather Archer Armor
36:46 Iron Casting
Connection lost

Rejoining the realm…

Still unreachable

The connection could not be restored.

Session expired

The server has moved on; the page needs a fresh start.